 Dungeon Crawl Stone Soup version 0.30-a0-726-gd89dcf765f (webtiles) character file.

Game seed: 8601364142619257300

38895 sokol815 the Unseen (level 14, 0/74 HPs)
             Began as a Vine Stalker Monk on Jan 30, 2023.
             Was the Champion of Uskayaw.
             Slain by an elephant (5 damage)
             ... on level 5 of the Lair of Beasts.
             The game lasted 00:26:45 (12268 turns).

sokol815 the Unseen (Vine Stalker Monk)            Turns: 12268, Time: 00:26:46

Health: 0/74       AC: 12    Str: 15    XL:     14   Next: 4%
Magic:  0/23       EV: 17    Int: 10    God:    Uskayaw [******]
Gold:   1118       SH:  0    Dex: 21    Spells: 13/13 levels left

rFire   . . .      SeeInvis .    a - +6 dagger (speed)
rCold   + . .      Faith    .    (no shield)
rNeg    . . .      Spirit   +    v - +2 leather armour {rC+}
rPois   .          Reflect  .    J - +2 hat
rElec   .          Harm     .    W - +2 cloak
rCorr   .          Rampage  .    d - +0 pair of gloves
Will    +....                    f - +0 pair of boots
Stlth   ++++++                   o - amulet of regeneration
HPRegen 1.92/turn                Q - +4 ring of slaying
MPRegen 0.18/turn                S - +4 ring of slaying

@: studying Conjurations
A: fangs 3, regeneration 1, magic shield, antimagic bite, no potion heal 2
a: Renounce Religion, Stomp, Line Pass, Grand Finale


You were on level 5 of the Lair of Beasts.
You worshipped Uskayaw.
Uskayaw was aware of your devotion.
You visited 3 branches of the dungeon, and saw 17 of its levels.

You collected 1118 gold pieces.

Inventory:

Hand Weapons
 a - a +6 dagger of speed (weapon)
   (You took it off a goblin on level 2 of the Dungeon)
 u - a +0 dagger of holy wrath
   (You found it on level 4 of the Dungeon)
 L - a +1 scimitar of flaming
   (You took it off Erica on level 10 of the Dungeon)
Missiles
 b - 6 atropa-tipped darts
 c - 15 poisoned darts
 s - 137 stones
 x - 2 boomerangs of dispersal {=f}
 X - 3 throwing nets {!d}
Armour
 d - a +0 pair of gloves (worn)
   (You found it on level 1 of the Dungeon)
 f - a +0 pair of boots (worn)
   (You found it on level 3 of the Lair of Beasts)
 k - a +1 ring mail of fire resistance
   (You found it on level 4 of the Dungeon)
 v - a +2 leather armour of cold resistance (worn)
   (You took it off an orc on level 3 of the Dungeon)
 J - a +2 hat (worn)
   (You found it on level 9 of the Dungeon)
 W - a +2 cloak (worn)
   (You found it on level 11 of the Dungeon)
Magical Staves
 t - a staff of earth
   (You found it on level 6 of the Dungeon)
Jewellery
 l - a +6 ring of dexterity
   (You found it on level 7 of the Dungeon)
 n - a ring of poison resistance {rPois, !d}
   (You took it off a hobgoblin on level 2 of the Dungeon)
 o - an amulet of regeneration (around neck)
   (You found it on level 7 of the Dungeon)
 p - a +6 ring of strength
   (You found it on level 4 of the Lair of Beasts)
 z - a ring of magical power {MP+9}
   (You found it on level 9 of the Dungeon)
 A - a +4 ring of protection
   (You found it on level 4 of the Dungeon)
 C - a ring of magical power {MP+9}
   (You found it on level 6 of the Dungeon)
 I - a +6 ring of intelligence
   (You found it on level 2 of the Dungeon)
 Q - a +4 ring of slaying (left hand)
   (You found it on level 3 of the Dungeon)
 R - a ring of wizardry {Wiz+, !d}
   (You found it on level 10 of the Dungeon)
 S - a +4 ring of slaying (right hand)
   (You found it on level 11 of the Dungeon)
 V - a ring of see invisible {sInv, !d}
   (You found it on level 10 of the Dungeon)
 Z - a ring of wizardry {Wiz+, !d}
   (You found it on level 10 of the Dungeon)
Wands
 e - a wand of charming (5)
   (You found it on level 2 of the Dungeon)
 i - a wand of iceblast (11)
   (You found it on level 9 of the Dungeon)
 j - a wand of polymorph (29)
   (You found it on level 5 of the Dungeon)
 q - a wand of flame (22)
   (You found it on level 9 of the Dungeon)
 O - a wand of light (8)
   (You found it on level 10 of the Dungeon)
Scrolls
 y - 2 scrolls of amnesia
 B - 2 scrolls of fog
 K - 3 scrolls of immolation {!r}
 N - a scroll of vulnerability {!r!r}
 Y - 5 scrolls of teleportation {@r3}
Potions
 g - a potion of flight {unknown}
 h - 4 potions of curing {unknown}
 m - 2 potions of invisibility {unknown}
 r - 3 potions of degeneration {unknown}
 w - 2 potions of resistance {unknown}
 D - 2 potions of brilliance {unknown}
 F - a potion of cancellation
 G - 2 potions of ambrosia {!q}
 H - a potion of haste
 M - 3 potions of might
 P - 2 potions of lignification {!q}
 T - a potion of berserk rage {!q}
 U - 7 potions of mutation {!q}


   Skills:
 + Level 8.6 Fighting
 - Level 9.6(10.0) Short Blades
 - Level 3.8(7.2) Long Blades
 + Level 8.2 Dodging
 - Level 15.0 Stealth
 * Level 7.2 Conjurations
 + Level 11.9 Invocations


You had 13 spell levels left.
You didn't know any spells.
Your spell library contained the following spells:

 Spells                   Type           Power      Damage    Failure   Level
 Magic Dart               Conj           56%        1d5       2%          1
 Dazzling Flash           Conj/Hex       14%        N/A       32%         3
 Flame Wave               Conj/Fire      7%         2d5       71%         4
 Fulminant Prism          Conj/Hex       3%         3d5       71%         4
 Sticky Flame             Conj/Fire      7%         2d3       71%         4
 Inner Flame              Hex/Fire       0%         N/A       80%         3
 Alistair's Intoxication  Tmut/Pois      0%         N/A       100%        5


Dungeon Overview and Level Annotations

Branches:
Dungeon (11/15) Zot: 26220  Temple (1/1) D:6 Zot: 5775    Lair (5/5) D:10 Zot: 26582
  Swamp (0/4) Lair:3       Spider (0/4) Lair:3
  Slime: Lair:4-5       Orc: D:9-12

Altars:
Ashenzari
Cheibriados
Dithmenos
Elyvilon
Fedhas
Gozag
Hepliaklqana
Kikubaaqudgha
Makhleb
Nemelex Xobeh
Okawaru
Qazlal
Ru
Sif Muna
Trog
Uskayaw
Vehumet
Wu Jian
Xom
Yredelemnul
Zin
The Shining One

Annotations:
D:7 1 runed translucent door
Lair:4 exclusion: downstairs


Innate Abilities, Weirdness & Mutations

You have razor-sharp teeth.
Your natural rate of healing is unusually fast.
When hurt, damage is shared between your health and your magic reserves.
Your bite disrupts and absorbs the magic of your enemies.
Potions cannot restore your health.


Message History

The dream sheep shake their wool and sparkle.
You feel drowsy...
You fall asleep.
The elephant tramples you!!
You wake up.
You stumble backwards!
A komodo dragon comes into view.
The wolf misses you. The elephant completely misses you.
The elephant trunk-slaps you but does no damage.
The wolf bites you but does no damage. The dream sheep bites you.
The elephant misses you. The elephant completely misses you.
The elephant trumpets!
You take 21 damage, and have 37/69 hp.
MASSIVE DAMAGE!!
You now have 13/22 mp.
Unknown command.
Unknown command.
You can't go up here!
The dream sheep bleats! x2; The elephant trumpets!
The komodo dragon hisses angrily.
You puncture the dream sheep!
You kill the dream sheep!
Uskayaw links your audience in an emotional bond!
You puncture the elephant!
You bite the elephant, but do no damage.
The wolf barely misses you.
You hit the elephant.
You bite the elephant, but do no damage.
The elephant completely misses you. The elephant barely misses you.
An eight-headed hydra comes into view.
The elephant tramples you!
You stumble backwards!
You take 9 damage, and have 29/69 hp.
You now have 10/22 mp.
You puncture the wolf! You bite the wolf! You drain its power.
You feel invigorated. The wolf bites you!
You take 5 damage, and have 24/69 hp.
You regained 8 mp, and now have 18/22 mp.
You puncture the wolf!
You kill the wolf!
You puncture the dream sheep!
You kill the dream sheep!
The elephant completely misses you.
The elephant trunk-slaps you but does no damage.
The elephant misses you.
The elephant trunk-slaps you but does no damage.
The elephant trumpets!
You puncture the dream sheep!
You kill the elephant! x2
You have reached level 14!
You regained 3 hp, and now have 28/74 hp.
A water moccasin comes into view.
The elephant is no longer sharing its pain.
The dream sheep closely misses you. The elephant misses you.
The elephant trunk-slaps you but does no damage.
You regained 2 hp, and now have 30/74 hp.
The water moccasin hisses angrily.
You hit the dream sheep.
You bite the dream sheep, but do no damage.
You puncture the dream sheep!
You kill the elephant! x2; You kill the dream sheep!
Your Conjurations skill increases to level 7!
The elephant attacks as you move away!
The elephant tramples you but does no damage.
The elephant barely misses you.
There is a stone staircase leading up, spattered with blood here.
You regained 2 hp, and now have 33/74 hp.
The komodo dragon is no longer sharing its pain.
The elephant tramples you.
You stumble backwards!
You stop ascending the stairs.
You take 1 damage, and have 32/74 hp.
You now have 17/23 mp.
You puncture the elephant!
The dream sheep is no longer sharing its pain.
The elephant misses you. The elephant barely misses you.
The dream sheep shake their wool and sparkle.
You feel drowsy...
You fall asleep.
The elephant is no longer sharing its pain.
The elephant tramples you!!!
You wake up.
* * * LOW HITPOINT WARNING * * *
You hold your ground!
The elephant closely misses you. The elephant tramples you.
* * * LOW HITPOINT WARNING * * *
You stumble backwards!
The basilisk hisses angrily.
You take 29 damage, and have 3/74 hp.
MASSIVE DAMAGE!!
You now have 2/23 mp.
Unknown command.
Unknown command.
Unknown command.
As you read the scroll of fear, it crumbles to dust.
You assume a fearsome visage.
The elephant looks frightened!
The elephant easily resists.
The dream sheep looks frightened!
The dream sheep bleats in terror.
The dream sheep looks frightened!
The dream sheep bleats in terror.
The dream sheep easily resists.
The elephant looks frightened! x2
The water moccasin looks frightened!
The basilisk looks frightened!
The komodo dragon looks frightened!
The elephant is no longer sharing its pain.
The elephant tramples you!
You die...

.. .#### ..... ...#
..... #..# .....##...
..=......# ..#....?.##
........†.# ........†##
#......Y@.# #.....YYY.##
. ..PP
.##.........P#.... ....
..#...##Y.l..P# ....
........YY.=..P#
#...##...k..<.....P...#
..Y........S..........#
......YY..l........P...#
......hY.l..........P..P


You could see 4 elephants, a komodo dragon (fleeing), a basilisk (fleeing), a
rime drake (wandering), a water moccasin (fleeing) and 3 dream sheep.

Vanquished Creatures
  Harold (Lair:1)
  2 hydras
  A catoblepas (Lair:2)
  Erica (D:10)
  3 death yaks (Lair:2)
  A two-headed ogre (D:10)
  Amaemon (Lair:3)
  Pikel (D:3)
  An ugly thing (D:11)
  A manticore (Lair:5)
  A will-o-the-wisp (Lair:3)
  17 elephants
  4 black mambas
  13 cane toads
  An orange demon (Lair:3)
  A rime drake (Lair:1)
  7 komodo dragons
  2 trolls
  A hornet (D:9)
  17 blink frogs
  2 polar bears (Lair:2)
  9 dream sheep
  39 yaks
  3 wyverns
  A shadow (D:11)
  3 hogs (D:11)
  3 basilisks
  A redback (Lair:3)
  A human (D:11)
  A warg (Lair:4)
  10 water moccasins
  An acid dragon (D:11)
  A black bear (D:7)
  An orc warrior (D:7)
  A sky beast (D:7)
  2 ice beasts
  4 wolves
  2 lemures (D:3)
  2 centaurs
  A phantom (D:6)
  A kobold brigand (D:8)
  4 scorpions
  14 bullfrogs
  3 wights (D:9)
  11 killer bees
  6 howler monkeys
  2 jellies
  4 orc priests
  3 hounds
  An iron imp (D:5)
  2 iguanas (D:5)
  6 orc wizards
  5 hell rats (Lair:2)
  4 gnolls (D:5)
  7 adders
  A white imp (D:6)
  An ufetubus (D:5)
  3 worms
  3 dart slugs
  26 orcs
  11 endoplasms
  5 giant cockroaches
  7 goblins
  4 hobgoblins
  3 jackals (D:4)
  10 kobolds
  3 quokkas
  10 ball pythons
  8 bats
  A frilled lizard (D:2)
  3 rats
  A butterfly (Lair:1)
338 creatures vanquished.

Vanquished Creatures (others)
  10 fungi
  15 plants
25 creatures vanquished.

Grand Total: 363 creatures vanquished

Notes
Turn   | Place    | Note
-------+----------+-------------------------------------------
     0 | D:1      | sokol815 the Vine Stalker Monk began the quest for the Orb.
     0 | D:1      | Reached XP level 1. HP: 11/11 MP: 2/2
   147 | D:1      | Reached skill level 3 in Long Blades
   219 | D:1      | Reached XP level 2. HP: 15/16 MP: 1/3
   808 | D:1      | Found a faded altar of an unknown god.
  1033 | D:2      | Reached XP level 3. HP: 13/19 MP: 4/4
  1102 | D:2      | Found a shimmering blue altar of Sif Muna.
  1736 | D:3      | Reached skill level 1 in Short Blades
  1824 | D:3      | You fall into a shaft and drop 3 floors!
  1847 | D:6      | Found a staircase to the Ecumenical Temple.
  1853 | Temple   | Entered the Ecumenical Temple
  2063 | Temple   | Became a worshipper of Uskayaw the Reveller
  2063 | Temple   | Reached * piety under Uskayaw
  2119 | D:6      | Noticed a scorpion
  2121 | D:6      | Reached ** piety under Uskayaw
  2123 | D:6      | Reached *** piety under Uskayaw
  2124 | D:6      | Killed a scorpion
  2125 | D:6      | Reached skill level 2 in Short Blades
  2125 | D:6      | Gained mutation: Your natural rate of healing is unusually
                  | fast. [Vine Stalker growth]
  2125 | D:6      | Reached XP level 4. HP: 22/23 MP: 5/5
  2163 | D:5      | Entered Level 5 of the Dungeon
  2190 | D:4      | Noticed a scorpion
  2309 | D:3      | Reached XP level 5. HP: 27/27 MP: 6/6
  2312 | D:3      | Reached skill level 3 in Short Blades
  2546 | D:3      | Reached skill level 4 in Short Blades
  2556 | D:3      | Reached XP level 6. HP: 17/32 MP: 3/7
  2557 | D:3      | Reached **** piety under Uskayaw
  2694 | D:4      | Noticed Pikel
  2818 | D:3      | Killed Pikel
  2819 | D:3      | Reached skill level 6 in Short Blades
  2819 | D:3      | Reached XP level 7. HP: 35/35 MP: 8/8
  2875 | D:4      | Reached skill level 7 in Short Blades
  2994 | D:4      | Gained mutation: You have razor-sharp teeth. [Vine Stalker
                  | growth]
  2994 | D:4      | Reached XP level 8. HP: 38/39 MP: 9/9
  3116 | D:4      | Found a shimmering blue altar of Sif Muna.
  3116 | D:4      | Found a shadowy altar of Dithmenos.
  3409 | D:4      | Found an ancient bone altar of Kikubaaqudgha.
  3966 | D:5      | Reached skill level 3 in Stealth
  3993 | D:5      | Found a snail-covered altar of Cheibriados.
  4086 | D:5      | Reached skill level 4 in Stealth
  4120 | D:5      | Reached skill level 1 in Invocations
  4207 | D:5      | Reached skill level 8 in Short Blades
  4299 | D:5      | Reached skill level 2 in Invocations
  4778 | D:7      | Noticed a sixfirhy
  4778 | D:7      | Found a runed translucent door.
  4791 | D:7      | Reached skill level 3 in Invocations
  4801 | D:7      | Reached skill level 5 in Stealth
  4825 | D:7      | Reached XP level 9. HP: 43/43 MP: 12/12
  4863 | D:7      | Reached skill level 4 in Invocations
  5231 | D:7      | Reached skill level 6 in Stealth
  5240 | D:7      | Reached skill level 5 in Invocations
  5240 | D:7      | Reached ***** piety under Uskayaw
  5771 | D:8      | Reached skill level 6 in Invocations
  6236 | D:8      | Reached skill level 7 in Stealth
  6261 | D:8      | Found a hazy altar of Hepliaklqana.
  6481 | D:9      | Reached skill level 9 in Short Blades
  6535 | D:9      | Noticed a hornet
  6548 | D:9      | Killed a hornet
  7059 | D:9      | Reached XP level 10. HP: 43/47 MP: 12/16
  7093 | D:10     | Entered Level 10 of the Dungeon
  7093 | D:10     | Noticed Erica
  7114 | D:10     | Killed Erica
  7115 | D:10     | Reached skill level 8 in Stealth
  7115 | D:10     | Reached skill level 7 in Invocations
  7402 | D:10     | Noticed a two-headed ogre
  7409 | D:10     | Killed a two-headed ogre
  7410 | D:10     | Reached skill level 8 in Invocations
  7435 | D:10     | Found a staircase to the Lair.
  7653 | D:10     | Found a radiant altar of Vehumet.
  7825 | D:11     | Reached skill level 9 in Stealth
  7835 | D:11     | Reached skill level 9 in Invocations
  8105 | D:11     | Reached XP level 11. HP: 51/51 MP: 19/19
  8110 | D:11     | Reached skill level 10 in Stealth
  8110 | D:11     | Reached skill level 10 in Invocations
  8154 | D:11     | Noticed a purple ugly thing
  8168 | D:11     | Killed a purple ugly thing
  8521 | D:11     | Reached skill level 11 in Stealth
  8596 | Lair:1   | Entered Level 1 of the Lair of Beasts
  8778 | Lair:1   | Reached skill level 12 in Stealth
  8944 | Lair:1   | Reached skill level 3 in Fighting
  8958 | Lair:1   | Reached skill level 13 in Stealth
  8970 | Lair:1   | Reached ****** piety under Uskayaw
  8971 | Lair:1   | Reached skill level 4 in Fighting
  9113 | Lair:1   | Noticed Harold
  9125 | Lair:1   | Killed Harold
  9136 | Lair:1   | Got the Cyclopedia of Variable Battle Magic
  9414 | Lair:1   | Reached skill level 5 in Fighting
  9421 | Lair:1   | Reached skill level 14 in Stealth
  9565 | Lair:2   | Reached XP level 12. HP: 60/60 MP: 20/20
  9619 | Lair:2   | Reached skill level 6 in Fighting
  9821 | Lair:2   | Noticed a death yak
  9821 | Lair:2   | Noticed a death yak
  9822 | Lair:2   | Noticed a death yak
  9839 | Lair:2   | Killed a death yak
  9847 | Lair:2   | Killed a death yak
  9848 | Lair:2   | Reached skill level 3 in Dodging
  9856 | Lair:2   | Killed a death yak
  9857 | Lair:2   | Reached skill level 15 in Stealth
  9867 | Lair:2   | Reached skill level 4 in Dodging
  9886 | Lair:2   | Noticed a catoblepas
  9893 | Lair:2   | Killed a catoblepas
 10078 | Lair:2   | Reached skill level 5 in Dodging
 10509 | Lair:3   | Reached skill level 6 in Dodging
 10597 | Lair:3   | Noticed a five-headed hydra
 10604 | Lair:3   | Killed a five-headed hydra
 10809 | Lair:3   | Found a hole to the Spider Nest.
 10821 | Lair:3   | Noticed Amaemon
 10847 | Lair:3   | Killed Amaemon
 10848 | Lair:3   | Reached XP level 13. HP: 60/66 MP: 21/21
 10881 | Lair:3   | Reached skill level 7 in Fighting
 10983 | Lair:3   | Found a white marble altar of Elyvilon.
 11159 | Lair:3   | Found a staircase to the Swamp.
 11167 | Lair:3   | Reached skill level 7 in Dodging
 11465 | Lair:4   | Reached skill level 11 in Invocations
 12009 | Lair:4   | Identified a scroll of acquirement
 12009 | Lair:4   | Acquired a manual of Conjurations
 12043 | Lair:5   | Entered Level 5 of the Lair of Beasts
 12051 | Lair:4   | Reached skill level 8 in Fighting
 12051 | Lair:4   | Reached skill level 1 in Conjurations
 12055 | Lair:4   | Reached skill level 2 in Conjurations
 12140 | Lair:5   | Reached skill level 3 in Conjurations
 12155 | Lair:5   | Reached skill level 4 in Conjurations
 12173 | Lair:5   | Reached skill level 8 in Dodging
 12187 | Lair:5   | Reached skill level 5 in Conjurations
 12233 | Lair:4   | Reached skill level 6 in Conjurations
 12261 | Lair:5   | Reached XP level 14. HP: 28/74 MP: 19/23
 12264 | Lair:5   | Reached skill level 7 in Conjurations
 12267 | Lair:5   | HP: 7/74 [elephant (27)]
 12267 | Lair:5   | HP: 3/74 [elephant (4)]
 12268 | Lair:5   | Slain by an elephant

Illustrated notes

Levels and vault maps discovered:
D:1:      dpeg_arrival_another_circle, layout_basic,
          hellmonk_ecumenical_altar_inner_sanctum
D:2:      layout_loops_ring, basic_altar, corexii_leaking_fountain,
          minmay_hexomino_c4
D:3:      layout_rooms, minmay_misc_feat_secret_circle
D:4:      kennysheep_spiral_hall, layout_layer_cave, kennysheep_mini_moat,
          gammafunk_temple_overflow_elements, uniq_pikel
D:5:      layout_basic, slow_altar_1, dreamdust_wishing_well,
          kennysheep_nondescript
D:6:      layout_rooms, minmay_temple_entry_hall
D:7:      cheibrodos_shockbox, layout_cave_pools
D:8:      layout_layer_cave, worldfamousw_hep_ancestral_shrine, fountainhead
D:9:      layout_loops_ring
D:10:     layout_cave_pools, marbit_many_paths, lair_entry_dummy, uniq_erica
D:11:     layout_loops_ring, grunt_livestock
Temple:   nicolae_temple_slightly_damp_pantheon
Lair:1:   layout_small_grid, patterned_corridor, lemuel_fruit_fields,
          uniq_harold
Lair:2:   layout_cave_pods, lemuel_fruit_fields, serial_bayou_shore_a,
          infiniplex_staircase_pool_2, lemuel_fruit_tree
Lair:3:   layout_small_grid, minmay_swamp_entry_wisps, spider_nest_entry_webs,
          basic_altar, grunt_megastairs_4, uniq_amaemon
Lair:4:   layout_gridlike
Lair:5:   wormcave, layout_misc_corridors, hangedman_lair_caniforms_friends,
          minmay_slime_entry_jelly_boxes

Skill      XL: |  1  2  3  4  5  6  7  8  9 10 11 12 13 14 |
---------------+-------------------------------------------+-----
Long Blades    | 3 |  3.8
Short Blades   | 2 4 6 7 8 9 |  9.6
Stealth        | 5 7 9 14 15 | 15.0
Invocations    | 3 6 9 10 11 | 11.9
Fighting       | 5 6 8 |  8.6
Dodging        | 6 8 |  8.2
Conjurations   | 6 7 |  7.2

Action                     |  1- 3 |  4- 6 |  7- 9 | 10-12 | 13-15 || total
---------------------------+-------+-------+-------+-------+-------++-------
  Melee: Falchion          |    60 |       |       |       |       ||    60
         Bite              |    21 |    22 |    66 |   114 |    37 ||   260
         Dagger            |    33 |    75 |   239 |   321 |   182 ||   850
         Punch             |       |     1 |     3 |     3 |     4 ||    11
  Throw: Stone             |    10 |     1 |     1 |       |     9 ||    21
  Evoke: Wand              |       |       |       |       |     1 ||     1
    Use: Scroll            |     1 |     9 |     8 |     3 |     2 ||    23
         Potion            |       |       |       |     1 |     2 ||     3
   Stab: Sleeping          |     7 |     4 |     7 |    17 |     6 ||    41
         Paralysed         |     1 |     2 |    10 |    23 |    13 ||    49
         Distracted        |       |       |     1 |     3 |     2 ||     6
 Armour: Robe              |    17 |       |       |       |       ||    17
         Leather armour    |       |    21 |    34 |    32 |    29 ||   116
         Skin              |       |       |       |     3 |    45 ||    48
  Dodge: Dodged            |    56 |    40 |    71 |    66 |    71 ||   304

Table legend: (Time is in decaauts)
 A = Elapsed time spent in this place.
 B = Non-inter-level travel time spent in this place.
 C = Inter-level travel time spent in this place.
 D = Time resting spent in this place.
 E = Time spent auto-exploring this place.
 F = Levels seen in this place.
 G = Mean time per level.
                   A        B        C        D        E       F      G
               +--------+--------+--------+--------+--------+-----+--------+
         Total |  11721 |  11196 |    525 |    359 |   9088 |  17 |  689.5 |
       Dungeon |   8080 |   7741 |    339 |    272 |   6300 |  11 |  734.5 |
        Temple |    224 |    191 |     33 |      0 |    174 |   1 |  224.0 |
          Lair |   3416 |   3264 |    152 |     87 |   2614 |   5 |  683.2 |
               +--------+--------+--------+--------+--------+-----+--------+

Top non-repeatable levels by time:
     D:4: 1226 daAuts
     D:8: 1009 daAuts
     D:1: 963 daAuts
  Lair:1: 898 daAuts
  Lair:2: 894 daAuts
  Lair:3: 816 daAuts
    D:11: 765 daAuts
  Lair:4: 752 daAuts
     D:2: 748 daAuts
    D:10: 657 daAuts
     D:9: 610 daAuts
     D:7: 604 daAuts
     D:3: 575 daAuts
     D:5: 568 daAuts
     D:6: 349 daAuts

Table legend:
 A = Kills in this place as a percentage of kills in entire the game.
 B = Kills by you in this place as a percentage of kills by you in the entire game.
 C = Kills by friends in this place as a percentage of kills by friends in the entire game.
 D = Other kills in this place as a percentage of other kills in the entire game.
 E = Experience gained in this place as a percentage of experience gained in the entire game.
 F = Experience gained in this place divided by the number of levels of this place that you have seen.
                   A       B       C       D       E      F
               +-------+-------+-------+-------+-------+----------------------
         Total | 100.0 | 100.0 |   N/A |   N/A | 100.0 | 3268.5
       Dungeon |  55.2 |  55.2 |   N/A |   N/A |  19.2 | 967.7
          Lair |  44.8 |  44.8 |   N/A |   N/A |  80.8 | 8984.0
               +-------+-------+-------+-------+-------+----------------------
